 Dungeon Sprint DCSS version 0.22-a0-247-gbddf880 (webtiles) character file.

554 emperorscorpion the Martial Artist (level 7, -2/63 HPs)
             Began as a Purple Draconian Transmuter on Feb 26, 2018.
             Was a Believer of Sif Muna.
             Slain by a cyan ugly thing (17 damage)
             ... in the Dungeon (Sprint IX: "|||||||||||||||||||||||||||||").
             The game lasted 00:02:43 (445 turns).

emperorscorpion the Martial Artist (DrTm)            Turns: 445, Time: 00:02:44

Health: -2/63      AC:  5    Str: 15    XL:     7   Next: 8%
Magic:  3/18       EV: 14    Int: 14    God:    Sif Muna [**....]
Gold:   0          SH:  0    Dex: 13    Spells: 11/21 levels left

rFire    x . .     SeeInvis .     - Unarmed
rCold    + + +     Gourm    .   (shield currently unavailable)
rNeg     . . .     Faith    .   (armour unavailable)
rPois    +         Spirit   .   (helmet currently unavailable)
rElec    .         Reflect  .   (cloak currently unavailable)
rCorr    .         Harm     .   (gloves currently unavailable)
MR       +....     NoTele   +   (boots currently unavailable)
Stlth    +.........             (no amulet)
HPRegen  0.20/turn              n - +3 ring of strength
MPRegen  0.16/turn              o - +2 ring of evasion

@: short of breath, ice-form, very slightly contaminated
A: large, (breathe power), unfitting armour, AC +6
a: End Transformation, Divine Energy, Renounce Religion


You were in the Dungeon.
You worshipped Sif Muna.
Sif Muna was pleased with you.
You were not hungry.
You were a creature of crystalline ice.
You visited 1 branch

Inventory:

Missiles
 a - 11 arrows
Magical Staves
 m - an uncursed staff of energy
Jewellery
 n - a +3 ring of strength (left front paw)
 o - a +2 ring of evasion (right front paw)
Wands
 l - a wand of iceblast (10)
Scrolls
 h - 2 scrolls of blinking
 j - 3 scrolls of remove curse
 k - 2 scrolls of amnesia
Potions
 c - 5 potions of curing
 d - 3 potions of heal wounds
 e - a potion of haste
 f - 4 potions of magic
 g - a potion of invisibility
Comestibles
 b - a ration
 i - 6 chunks of flesh


   Skills:
 + Level 1.9 Fighting
 + Level 4.9 Dodging
 + Level 0.6 Stealth
 + Level 11.6 Unarmed Combat
 + Level 7.5 Spellcasting
 + Level 5.6 Transmutations
 + Level 1.1 Poison Magic


You had 11 spell levels left.
You knew the following spells:

 Your Spells              Type           Power        Failure   Level  Hunger
a - Beastly Appendage     Tmut           ###...       1%          1    None
b - Ice Form              Ice/Tmut       ##......     38%         4    ####...
c - Spider Form           Tmut/Pois      ##........   10%         3    ##.....
d - Sticks to Snakes      Tmut           ###.....     1%          2    None


Dungeon Overview and Level Annotations

Branches:
Dungeon (1/1)

Altars:
Cheibriados
Dithmenos
Elyvilon
Fedhas
Gozag
Hepliaklqana
Kikubaaqudgha
Makhleb
Nemelex Xobeh
Okawaru
Qazlal
Ru
Sif Muna
Trog
Uskayaw
Vehumet
Wu Jian
Xom
Yredelemnul
Zin
The Shining One
Beogh
Jiyva
Lugonu


Innate Abilities, Weirdness & Mutations

((You can breathe bolts of dispelling energy.))
((Your rich purple scales are hard. (AC +6)))
You cannot fit into any form of body armour.
((You are cold-blooded and may be slowed by cold attacks.))


Message History

Sif Muna protects you from the effects of your miscast!
The phantom blinks!
The cyan ugly thing tentacle-slaps you. The cyan ugly thing shocks you!
Unknown command.
Casting: Ice Form (quite dangerous; 38% risk of failure)
Confirm with . or Enter, or press ? or * to list all spells.
You turn into a creature of crystalline ice.
The cyan ugly thing tentacle-slaps you but does no damage.
You hit the cyan ugly thing but do no damage.
The cyan ugly thing is lightly wounded.
The cyan ugly thing tentacle-slaps you! The cyan ugly thing shocks you!
* * * LOW HITPOINT WARNING * * *
You punch the cyan ugly thing! You freeze the cyan ugly thing.
The cyan ugly thing is lightly wounded.
You punch the cyan ugly thing! You freeze the cyan ugly thing.
The cyan ugly thing is moderately wounded.
The cyan ugly thing tentacle-slaps you.
* * * LOW HITPOINT WARNING * * *
The cyan ugly thing shocks you!
You die... ▓▓▓▓▓▓▓▓▓▓▓▓▓▓▓▓▓▓▓▓▓▓▓▓ ..5ZaluY.....W..[[[)...' ▓▓▓▓▓▓▓▓▓▓▓▓▓▓▓▓▓▓▓▓▓▓▓▓

You could see a cyan ugly thing, a phantom, an iguana, a worker ant, a crimson imp and a quokka skeleton.

Vanquished Creatures
  A hippogriff (D)
  A necrophage (D)
  A phantom (D)
  An ogre (D)
  A howler monkey (D)
  A crimson imp (D)
  An iguana (D)
  A worker ant (D)
  An orc (D)
  A bat zombie (D)
  A goblin (D)
  A hobgoblin (D)
  A giant cockroach zombie (D)
  A kobold (D)
  2 rats (D)
16 creatures vanquished.

Notes
Turn   | Place    | Note
-------+----------+-------------------------------------------
     0 | D        | emperorscorpion the Draconian Transmuter began the quest for the Orb.
     0 | D        | Reached XP level 1. HP: 16/16 MP: 3/3
   187 | D        | Noticed a howler monkey
   187 | D        | Noticed an ogre
   187 | D        | Noticed an iguana
   190 | D        | Killed an iguana
   190 | D        | Reached skill level 5 in Unarmed Combat
   190 | D        | Reached XP level 2. HP: 23/23 MP: 4/6
   190 | D        | Reached XP level 3. HP: 28/28 MP: 4/7
   194 | D        | Killed an ogre
   194 | D        | Reached skill level 7 in Unarmed Combat
   194 | D        | Reached XP level 4. HP: 35/35 MP: 5/10
   197 | D        | Reached skill level 8 in Unarmed Combat
   197 | D        | Reached XP level 5. HP: 40/40 MP: 5/11
   205 | D        | Found a roughly hewn altar of Beogh.
   205 | D        | Found a snail-covered altar of Cheibriados.
   205 | D        | Found a shadowy altar of Dithmenos.
   205 | D        | Found a white marble altar of Elyvilon.
   205 | D        | Found a blossoming altar of Fedhas.
   205 | D        | Found an opulent altar of Gozag.
   206 | D        | Found a hazy altar of Hepliaklqana.
   207 | D        | Found a viscous altar of Jiyva.
   208 | D        | Found an ancient bone altar of Kikubaaqudgha.
   209 | D        | Found a corrupted altar of Lugonu.
   210 | D        | Found a burning altar of Makhleb.
   211 | D        | Found a sparkling altar of Nemelex Xobeh.
   212 | D        | Found an iron altar of Okawaru.
   213 | D        | Found a stormy altar of Qazlal.
   214 | D        | Found a sacrificial altar of Ru.
   215 | D        | Found a deep blue altar of Sif Muna.
   216 | D        | Found a bloodstained altar of Trog.
   217 | D        | Found a hide-covered altar of Uskayaw.
   218 | D        | Found a radiant altar of Vehumet.
   219 | D        | Found an ornate altar of the Wu Jian Council.
   220 | D        | Found a shimmering altar of Xom.
   221 | D        | Found a basalt altar of Yredelemnul.
   222 | D        | Found a glowing silver altar of Zin.
   223 | D        | Became a worshipper of Sif Muna the Loreminder
   224 | D        | Found a glowing golden altar of the Shining One.
   242 | D        | Found the +8 mithril axe "Arga" {speed, MR+}
   258 | D        | Learned a level 4 spell: Ice Form
   262 | D        | Learned a level 3 spell: Spider Form
   265 | D        | Learned a level 2 spell: Sticks to Snakes
   269 | D        | Noticed a phantom
   269 | D        | Noticed a hippogriff
   269 | D        | Noticed a necrophage
   276 | D        | Killed a necrophage
   276 | D        | Reached skill level 9 in Unarmed Combat
   276 | D        | Reached skill level 5 in Spellcasting
   279 | D        | Reached * piety under Sif Muna
   279 | D        | Reached XP level 6. HP: 46/48 MP: 7/13
   289 | D        | Killed a hippogriff
   289 | D        | Reached skill level 11 in Unarmed Combat
   289 | D        | Reached skill level 5 in Transmutations
   293 | D        | Reached skill level 1 in Poison Magic
   293 | D        | Your scales start taking on a rich purple colour.
   293 | D        | Reached XP level 7. HP: 29/53 MP: 6/17
   303 | D        | Reached ** piety under Sif Muna
   434 | D        | Noticed a cyan ugly thing
   445 | D        | Slain by a cyan ugly thing

Vault maps used:
D:        linesprint

Skill      XL: |  1  2  3  4  5  6 |
---------------+-------------------+-----
Dodging        | 2 3 4 |  4.9
Unarmed Combat | 5 7 8 9 11 | 11.6
Spellcasting   | 3 4 5 7 |  7.5
Transmutations | 3 4 5 |  5.6
Poison Magic   | 1 |  1.1
Fighting       | |  1.9
Stealth        | |  0.6

Action                   |  1- 3 |  4- 6 |  7- 9 || total
-------------------------+-------+-------+-------++-------
Melee: Unarmed           |    18 |    25 |     9 ||    52
       Kick              |     2 |       |       ||     2
       Punch             |       |       |     1 ||     1
 Cast: Beastly Appendage |     1 |       |       ||     1
       Spider Form       |       |     2 |       ||     2
       Sticks to Snakes  |       |     1 |       ||     1
       Ice Form          |       |       |     1 ||     1
 Abil: Breathe Dispellin |       |       |     1 ||     1
  Use: Potion            |     1 |       |       ||     1
Armor: Skin              |     2 |     3 |     2 ||     7
Dodge: Dodged            |     6 |    19 |     5 ||    30

Table legend:
 A = Spawn XP
 B = Non-spawn XP
 C = Spawn XP percentage of total XP
 D = Spawn monster count
 E = Non-spawn monster count
 F = Spawn count percentage of total count
 G = Total turns spent on level
                    A         B        C        D         E        F      G
               +---------+---------+-------+---------+---------+-------+---------
         Total |       0 |     792 |   0.0 |       0 |      16 |   0.0 |   445
               +---------+---------+-------+---------+---------+-------+---------
             D |       0 |     792 |   0.0 |       0 |      16 |   0.0 |   445
               +---------+---------+-------+---------+---------+-------+---------
